 Dungeon Crawl Stone Soup version 0.27.1-16-g815e20cd7a (webtiles) character file.

Game seed: 17846409845140481015

156 Gabide the Insei (level 5, 0/36 HPs)
             Began as a Human Monk on Nov 21, 2021.
             Splashed by a jelly's acid (9 damage)
             ... on level 4 of the Dungeon.
             The game lasted 00:08:07 (3415 turns).

Gabide the Insei (Human Monk)                       Turns: 3415, Time: 00:08:08

Health: 0/36       AC: -5    Str: 12    XL:     5   Next: 65%
Magic:  5/5        EV: 13    Int:  9    God:
Gold:   109        SH:  0    Dex: 15    Spells: 4/4 levels left

rFire    + . .     SeeInvis .     - Unarmed
rCold    . . .     Faith    +   (no shield)
rNeg     . . .     Spirit   .   a - +0 robe
rPois    .         Reflect  .   c - +0 helmet
rElec    .         Harm     .   (no cloak)
rCorr    .         Rampage  .   (no gloves)
Will     .....                  (no boots)
Stlth    +.........             i - amulet of faith
HPRegen  0.12/turn              g - ring of protection from fire
MPRegen  0.09/turn              (no ring)

@: confused, ambrosia-drunk, corroded
A: deterioration 1, dopey 1, frail 1
a: no special abilities


You were on level 4 of the Dungeon.
You visited 1 branch of the dungeon, and saw 4 of its levels.

You collected 109 gold pieces.

Inventory:

Hand Weapons
 h - a +1 whip of venom
Armour
 a - a +0 robe (worn)
 c - a +0 helmet (worn)
 m - a +0 ring mail
Jewellery
 g - a ring of protection from fire (left hand)
 i - an amulet of faith (around neck)
Scrolls
 b - a scroll of fog {unknown}
 f - a scroll of immolation
Potions
 d - a potion of mutation
 e - a potion of heal wounds {unknown}
 j - a potion of attraction {unknown}
 k - 2 potions of curing {unknown}
 l - a potion of degeneration {unknown}


   Skills:
 + Level 3.3 Fighting
 + Level 3.6 Dodging
 + Level 2.6 Stealth
 * Level 5.0 Unarmed Combat


You had 4 spell levels left.
You didn't know any spells.
Your spell library contained the following spells:

 Spells                   Type           Power      Damage    Failure   Level
 Corona                   Hex            0%         N/A       38%         1
 Magic Dart               Conj           0%         1d3       38%         1
 Summon Small Mammal      Summ           0%         N/A       38%         1
 Call Imp                 Summ           0%         N/A       52%         2
 Ensorcelled Hibernation  Hex/Ice        0%         N/A       52%         2
 Call Canine Familiar     Summ           0%         N/A       77%         3
 Mephitic Cloud           Conj/Pois/Air  0%         N/A       77%         3
 Summon Guardian Golem    Hex/Summ       0%         N/A       77%         3
 Tukima's Dance           Hex            0%         N/A       77%         3
 Passage of Golubria      Tloc           N/A        N/A       99%         4
 Fireball                 Conj/Fire      0%         3d3       100%        5
 Iskenderun's Battlesphe  Conj           0%         2d6       100%        5
 Yara's Violent Unravell  Hex/Tmut       0%         3d3       100%        5
 Conjure Ball Lightning   Conj/Air       0%         3x3d6     100%        6
 Orb of Destruction       Conj           0%         N/A       100%        7


Dungeon Overview and Level Annotations

Branches:
Dungeon (4/15)
 Temple: D:4-7

Altars:
Okawaru
Xom

Shops:
D:4 :*


Innate Abilities, Weirdness & Mutations

Your body sometimes deteriorates upon taking damage.
You are dopey. (Int -2)
You are frail. (-10% HP)


Message History

No target in view!
No target in view!
No target in view!
No target in view!
Okay, then.
Unknown command.
Unknown command.
b - a scroll labelled JOAMESTRAOCH
n - a potion of ambrosia A jelly comes into view.
The helpless jelly fails to defend itself.
You punch the jelly! The acid corrodes you!
Your hands burn!
The jelly is heavily wounded.
The jelly hits you. The acid corrodes you!
You are splashed with acid.
You hit the jelly but do no damage. The acid corrodes you!
Your hands burn!
The jelly is heavily wounded.
The jelly barely misses you.
You hit the jelly but do no damage. The acid corrodes you!
Your hands burn!
The jelly is heavily wounded.
The jelly hits you.
You are splashed with acid!
* * * LOW HITPOINT WARNING * * *
You are too injured to fight recklessly!
You are too injured to fight recklessly!
You are too injured to fight recklessly!
You are too injured to fight recklessly!
You are too injured to fight recklessly!
You are too injured to fight recklessly!
You are too injured to fight recklessly!
You are too injured to fight recklessly!
You are too injured to fight recklessly!
You are too injured to fight recklessly!
You are too injured to fight recklessly!
You are too injured to fight recklessly!
You are too injured to fight recklessly!
You are too injured to fight recklessly!
You are confused.
You feel invigorated. The jelly hits you.
* * * LOW HITPOINT WARNING * * *
You are splashed with acid!
You die...

....###.## #.....####*,*
#...# #.# #.##### *,*
#...###.########.# #######.#
#................###.......#
##..###.###..........#######
#..##...##.####.#####
#........#.# #.#
##.........# #J#
#####.....### #@#
.........#######.#
#####>..........<#
##############


You could see a jelly.

Vanquished Creatures
  A bullfrog skeleton (D:4)
  A jelly (D:4)
  2 adders (D:4)
  2 adder skeletons (D:4)
  3 worms
  2 dart slugs
  2 orcs
  4 bats (D:1)
  4 endoplasms
  2 giant cockroaches
  8 goblins
  4 hobgoblins
  4 quokkas
  3 ball pythons
  5 frilled lizards
  9 kobolds
  5 rats
61 creatures vanquished.

Notes
Turn   | Place    | Note
-------+----------+-------------------------------------------
     0 | D:1      | Gabide the Human Monk began the quest for the Orb.
     0 | D:1      | Reached XP level 1. HP: 18/18 MP: 1/1
   151 | D:1      | Reached XP level 2. HP: 22/24 MP: 2/2
   521 | D:1      | Found a faded altar of an unknown god.
   527 | D:1      | Reached XP level 3. HP: 22/29 MP: 3/3
  1344 | D:2      | Found an iron altar of Okawaru.
  1979 | D:3      | Found a shimmering altar of Xom.
  2158 | D:3      | Reached skill level 4 in Unarmed Combat
  2158 | D:3      | Reached XP level 4. HP: 27/35 MP: 4/4
  2711 | D:4      | Found Humir's Lightly-Used Armoury.
  2737 | D:4      | Reached XP level 5. HP: 14/41 MP: 5/5
  3022 | D:4      | Found Feuwiag's Book Shoppe.
  3345 | D:4      | Reached skill level 5 in Unarmed Combat
  3349 | D:4      | Gained mutation: You are dopey. (Int -2) [potion of
                  | mutation]
  3349 | D:4      | Gained mutation: Your body sometimes deteriorates upon
                  | taking damage. [potion of mutation]
  3349 | D:4      | Gained mutation: You are frail. (-10% HP) [potion of
                  | mutation]
  3415 | D:4      | Splashed by a jelly's acid

Illustrated notes

Levels and vault maps discovered:
D:1:      elethiomel_arrival_quiet, layout_rooms,
          hellmonk_ecumenical_altar_blasted
D:2:      layout_loops_ring, basic_altar
D:3:      layout_loops_cross, mainiacjoe_overflow_six_doors_small
D:4:      layout_loops_ring, serial_shops, shop, minmay_shop_damaged

Skill      XL: |  1  2  3  4  5 |
---------------+----------------+-----
Unarmed Combat | 4 5 |  5.0
Fighting       | |  3.3
Dodging        | |  3.6
Stealth        | |  2.6

Action                   |  1- 3 |  4- 6 || total
-------------------------+-------+-------++-------
Melee: Unarmed           |   137 |   105 ||   242
       Punch             |     4 |     1 ||     5
  Use: Scroll            |     2 |     3 ||     5
       Potion            |       |     3 ||     3
 Stab: Sleeping          |     3 |     3 ||     6
Armor: Robe              |    22 |    14 ||    36
Dodge: Dodged            |    90 |    67 ||   157
